 Dungeon Crawl Stone Soup version 0.31-a0-1-g4198be8af4 (webtiles) character file.

Game seed: 4462196740739768188

25 NotreDorf the Ducker (level 3, 0/28 HPs)
             Began as a Merfolk Warper on May 1, 2023.
             Succumbed to an adder's poison
             ... on level 2 of the Dungeon.
             The game lasted 00:03:13 (841 turns).

NotreDorf the Ducker (Merfolk Warper)                Turns: 841, Time: 00:03:13

Health: 0/28       AC:  3    Str: 13    XL:     3   Next: 6%
Magic:  6/6        EV: 12    Int: 12    God:
Gold:   47         SH:  0    Dex: 13    Spells: 2/6 levels left

rFire   + . .        a - +0 spear
rCold   + . .        (no shield)
rNeg    . . .        b - +0 leather armour
rPois   .            (no helmet)
rElec   .            f - scarf {rC+ rF+}
rCorr   .            (no gloves)
SInv    .            (no boots)
Will    .....        (no amulet)
Stlth   +            (no ring)
HPRegen 0.24/turn    (no ring)
MPRegen 0.10/turn

%: no passive effects
@: lethally poisoned (0 -> -5)
A: (nimble swimmer 2), mertail
a: no special abilities


You were on level 2 of the Dungeon.
You visited 1 branch of the dungeon, and saw 2 of its levels.

You collected 47 gold pieces.

Inventory:

Hand Weapons
 a - a +0 spear (weapon)
Missiles
 d - 7 boomerangs of dispersal (quivered)
Armour
 b - a +0 leather armour (worn)
 f - a scarf of resistance (worn)
Scrolls
 c - a scroll of blinking
 e - a scroll of magic mapping {unknown}
 i - 2 scrolls of identify {unknown}
 j - a scroll of fear {unknown}
Potions
 g - a potion of haste {unknown}
 h - a potion of curing {unknown}


   Skills:
 + Level 2.5 Fighting
 + Level 3.1 Polearms
 - Level 1.0 Throwing
 - Level 0.6 Armour
 + Level 3.1 Dodging
 + Level 2.2 Spellcasting
 + Level 2.6 Translocations


You had 2 spell levels left.
You knew the following spells:

 Your Spells              Type           Power      Damage    Failure   Level
a - Blink                 Tloc           14%        N/A       17%         2
b - Lesser Beckoning      Tloc           14%        N/A       17%         2

Your spell library contained the following spells:

 Spells                   Type           Power      Damage    Failure   Level
 Gell's Gravitas          Tloc           7%         N/A       34%         3
 Teleport Other           Tloc           7%         N/A       34%         3
 Vhi's Electric Charge    Tloc/Air       8%         N/A       52%         3
 Manifold Assault         Tloc           7%         N/A       75%         4


Dungeon Overview and Level Annotations

Branches:
Dungeon (2/15)

Altars:


Innate Abilities, Weirdness & Mutations

((You are very nimble when in or above water. (Stealth+, EV+, Speed+++)))
Your lower body shifts to a powerful aquatic tail in water.


Message History

You are poisoned.
The adder poisons you!
You barely miss the adder.
The adder is moderately wounded.
You feel sick. The adder closely misses you. The adder bites you.
You hit the adder.
The adder is heavily wounded.
The adder bites you.
You miss the adder.
The adder is heavily wounded.
You feel sick. The adder bites you.
You are more poisoned.
The adder poisons you!
You are too injured to fight recklessly!
You are too injured to fight recklessly!
You barely miss the adder.
The adder is heavily wounded.
You feel sick. The adder misses you.
You hit the adder.
The adder is severely wounded.
You feel sick. The adder bites you.
* * * LOW HITPOINT WARNING * * *
You are lethally poisoned!
The adder poisons you!
You completely miss the adder.
The adder is severely wounded.
* * * LOW HITPOINT WARNING * * *
You feel very sick. The adder barely misses you. The adder misses you.
You barely miss the adder.
The adder is severely wounded.
* * * LOW HITPOINT WARNING * * *
You feel sick. The adder barely misses you.
You hit the adder.
The adder is almost dead.
* * * LOW HITPOINT WARNING * * *
You feel sick. The adder barely misses you.
You hit the adder.
You kill the adder!
You die...

##. #. #. ##.
#. .##[ . #.
.... .## ...
### #... #..
..#...
#.##.#.#
#......# #@.#
#..###
##....###...
##...........
#).†##.?.###.
#.<.# ##.#
#...# ...
#...# ###
#####


There were no monsters in sight!

Vanquished Creatures
  2 adders (D:2)
  2 dart slugs
  A ball python (D:1)
  A goblin (D:1)
  A hobgoblin (D:1)
  3 bats (D:1)
  2 kobolds
  2 rats (D:2)
14 creatures vanquished.

Notes
Turn   | Place    | Note
-------+----------+-------------------------------------------
     0 | D:1      | NotreDorf the Merfolk Warper began the quest for the Orb.
     0 | D:1      | Reached XP level 1. HP: 16/16 MP: 3/3
   349 | D:1      | Reached XP level 2. HP: 18/23 MP: 5/5
   434 | D:1      | Found a faded altar of an unknown god.
   578 | D:1      | Learned a level 2 spell: Blink
   581 | D:1      | Learned a level 2 spell: Lesser Beckoning
   816 | D:2      | Reached XP level 3. HP: 28/28 MP: 6/6
   840 | D:2      | HP: 1/28 [poisoned by an adder]
   841 | D:2      | Succumbed to an adder's poison

Illustrated notes

Levels and vault maps discovered:
D:1:      minmay_arrival_pointy, layout_rooms, serial_forest,
          infiniplex_forest_lined_room_3, infiniplex_forest_corner_2,
          infiniplex_forest_clump_long, infiniplex_forest_clump_medium,
          infiniplex_forest_straight_2,
          dreamdust_ecumenical_altar_angels_and_demons
D:2:      layout_rooms, basic_altar, uniq_crazy_yiuf_cottage, uniq_terence

Skill      XL: |  1  2 |
---------------+-------+-----
Dodging        | 3 |  3.1
Polearms       | 3 |  3.1
Fighting       | |  2.5
Throwing       | |  1.0
Armour         | |  0.6
Spellcasting   | |  2.2
Translocations | |  2.6

Action                     || total
---------------------------++-------
  Melee: Spear             ||    78
   Stab: Distracted        ||     1
         Sleeping          ||     1
 Armour: Leather armour    ||     9
  Dodge: Dodged            ||    43

Table legend: (Time is in decaauts)
 A = Elapsed time spent in this place.
 B = Non-inter-level travel time spent in this place.
 C = Inter-level travel time spent in this place.
 D = Time resting spent in this place.
 E = Time spent auto-exploring this place.
 F = Levels seen in this place.
 G = Mean time per level.
                   A        B        C        D        E       F      G
               +--------+--------+--------+--------+--------+-----+--------+
         Total |    838 |    811 |     27 |    122 |    512 |   2 |  419.0 |
       Dungeon |    838 |    811 |     27 |    122 |    512 |   2 |  419.0 |
               +--------+--------+--------+--------+--------+-----+--------+

Top non-repeatable levels by time:
     D:1: 740 daAuts
     D:2: 98 daAuts
